 Dungeon Crawl Stone Soup version 0.27.0-1-g7a089689b8 (webtiles) character file.

Game seed: 11175799341434385497

601 karkarkar the Shield-Bearer (level 7, 0/44 HPs)
             Began as a Gargoyle Fighter on Aug 9, 2021.
             Slain by a killer bee (2 damage)
             ... on level 4 of the Dungeon on Aug 11, 2021.
             The game lasted 00:14:42 (4086 turns).

karkarkar the Shield-Bearer (Gargoyle Fighter)      Turns: 4086, Time: 00:14:42

Health: 0/44       AC: 13    Str: 19    XL:     7   Next: 41%
Magic:  7/7        EV:  8    Int:  9    God:
Gold:   119        SH:  9    Dex: 11    Spells: 6/6 levels left

rFire    . . .     SeeInvis .   a - +0 war axe
rCold    . . .     Faith    .   c - +0 kite shield
rNeg     + . .     Spirit   .   b - +0 scale mail
rPois    ∞         Reflect  .   n - +0 helmet
rElec    +         Harm     .   (no cloak)
rCorr    .         Rampage  .   (no gloves)
Will     .....                  (no boots)
Stlth    ..........             (no amulet)
HPRegen  0.14/turn              (no ring)
MPRegen  0.10/turn              (no ring)

@: no status effects
A: sickness immunity, AC +4, negative energy resistance 1, electricity
resistance, torment resistance 1, petrification resistance
a: no special abilities


You were on level 4 of the Dungeon.
You visited 1 branch of the dungeon, and saw 4 of its levels.

You collected 119 gold pieces.

Inventory:

Hand Weapons
 a - a +0 war axe (weapon)
 m - a +2 dagger of flaming
 q - the +4 dagger "Exkuet" {freeze, rC++}
   (You found it on level 4 of the Dungeon)

   It freezes those it strikes, dealing additional cold damage.
   It can also slow down cold-blooded creatures.
   rC:        It greatly protects you from cold.
Armour
 b - a +0 scale mail (worn)
 c - a +0 kite shield (worn)
 n - a +0 helmet (worn)
Scrolls
 d - a scroll of brand weapon {unknown}
 g - a scroll of holy word {unknown}
 i - a scroll of enchant armour {unknown}
 k - a scroll of fear {unknown}
 l - a scroll of noise {unknown}
 p - a scroll of teleportation {unknown}
Potions
 e - 2 potions of degeneration {unknown}
 f - 2 potions of ambrosia
 h - a potion of brilliance
 j - a potion of resistance {unknown}
 o - a potion of invisibility {unknown}


   Skills:
 + Level 4.6 Fighting
 + Level 4.6 Axes
 + Level 4.8 Armour
 + Level 1.6 Dodging
 + Level 0.3 Stealth
 + Level 5.0 Shields


You had 6 spell levels left.
You didn't know any spells.
Your spell library contained the following spells:

 Spells                   Type           Power      Damage    Failure   Level
 Animate Skeleton         Necr           0%         N/A       99%         1
 Pain                     Necr           0%         1d4       99%         1
 Vampiric Draining        Necr           0%         2d6       100%        3


Dungeon Overview and Level Annotations

Branches:
Dungeon (4/15)
 Temple: D:4-7

Altars:
Cheibriados

Shops:
D:3 *


Innate Abilities, Weirdness & Mutations

You are immune to sickness and miasma.
Your stone body is resilient. (AC +4)
You are immune to poison.
You resist negative energy. (rN+)
You are resistant to electric shocks. (rElec)
You are resistant to unholy torment.
You are immune to petrification.


Message History

The killer bee moves out of view.
You closely miss the killer bee.
The killer bee is heavily wounded.
You block the killer bee's attack. x2
The killer bee stings you but does no damage.
You miss the killer bee.
The killer bee is heavily wounded.
The killer bee stings you.
* * * LOW HITPOINT WARNING * * *
You block the killer bee's attack. x2
You hit the killer bee.
The killer bee is almost dead.
You block the killer bee's attack.
A killer bee comes into view.
The killer bee stings you.
* * * LOW HITPOINT WARNING * * *
You block the killer bee's attack.
You barely miss the killer bee.
The killer bee is almost dead.
The killer bee buzzes angrily. x2
The killer bee stings you but does no damage.
You block the killer bee's attack. x2
You completely miss the killer bee.
The killer bee is almost dead.
You block the killer bee's attack. The killer bee stings you.
* * * LOW HITPOINT WARNING * * *
Unknown command.
You barely miss the killer bee.
The killer bee is almost dead.
The killer bee stings you but does no damage.
A killer bee comes into view.
The killer bee stings you but does no damage.
You block the killer bee's attack.
The killer bee stings you but does no damage.
You block the killer bee's attack. You block the killer bee's attack.
Okay, then.
Okay, then.
You block the killer bee's attack. x2; The killer bee stings you.
You die...

..........##.#
#.#####.#.##.#
...#.##.#
#####.##.# #
#.##.# #. ###
#.##.# .. ..#
#)##.#
#.##.####.##.#
.........y@#
##.#.##.####.##y#
.........)....yy#
##.####.#########
#.. #..# ...#
#..# #..#


You could see 4 killer bees.

Vanquished Creatures
  Grinder (D:3)
  2 black bears
  An orc wizard (D:3)
  Robin (D:3)
  7 adders
  3 adder skeletons (D:4)
  5 worms
  8 orcs
  3 ball pythons
  5 endoplasms
  2 giant cockroaches
  14 goblins
  11 hobgoblins
  3 jackals (D:1)
  7 quokkas
  7 bats
  5 frilled lizards
  7 kobolds
  4 rats
  A spectral kobold (D:2)
97 creatures vanquished.

Notes
Turn   | Place    | Note
-------+----------+-------------------------------------------
     0 | D:1      | karkarkar the Gargoyle Fighter began the quest for the Orb.
     0 | D:1      | Reached XP level 1. HP: 14/14 MP: 1/1
    55 | D:1      | Reached XP level 2. HP: 11/19 MP: 2/2
   757 | D:1      | Reached XP level 3. HP: 12/23 MP: 3/3
  1552 | D:2      | Noticed a black bear
  1558 | D:2      | Killed a black bear
  1559 | D:2      | Reached skill level 1 in Dodging
  1559 | D:2      | Reached XP level 4. HP: 27/29 MP: 4/4
  1559 | D:2      | Reached XP level 5. HP: 31/33 MP: 5/5
  1650 | D:2      | Reached skill level 4 in Shields
  1922 | D:2      | Found a faded altar of an unknown god.
  2281 | D:3      | Found a snail-covered altar of Cheibriados.
  2370 | D:3      | Found Pien's General Store.
  2375 | D:3      | Noticed Grinder
  2395 | D:3      | Noticed Robin
  2441 | D:2      | Reached XP level 6. HP: 17/38 MP: 6/6
  2663 | D:3      | Killed Robin
  2778 | D:3      | Paralysed by Grinder for 5 turns
  2911 | D:3      | Paralysed by Grinder for 3 turns
  2918 | D:3      | Paralysed by Grinder for 5 turns
  2925 | D:3      | Paralysed by Grinder for 5 turns
  3163 | D:3      | Killed Grinder
  3164 | D:3      | Reached XP level 7. HP: 36/44 MP: 7/7
  3759 | D:4      | Identified the +4 dagger "Exkuet" {freeze, rC++}
  4054 | D:4      | Reached skill level 5 in Shields
  4081 | D:4      | HP: 1/44 [killer bee (2)]
  4086 | D:4      | Slain by a killer bee

Illustrated notes

Levels and vault maps discovered:
D:1:      giann_wishing_wells, layout_loops_cross
D:2:      layout_basic, dreamdust_ecumenical_altar_drowned_temple
D:3:      layout_rooms, lemuel_coloured_pillars_altar, serial_shops, shop,
          uniq_robin, uniq_grinder
D:4:      layout_basic, amcnicky_altar_gilded, minmay_temple_entry_wispy,
          uniq_ijyb

Skill      XL: |  1  2  3  4  5  6  7 |
---------------+----------------------+-----
Axes           | 2 3 4 |  4.6
Fighting       | 4 |  4.6
Armour         | 4 |  4.8
Dodging        | 1 |  1.6
Shields        | 4 5 |  5.0
Stealth        | |  0.3

Action                   |  1- 3 |  4- 6 |  7- 9 || total
-------------------------+-------+-------+-------++-------
Melee: War axe           |    86 |   152 |   120 ||   358
  Use: Potion            |     1 |       |       ||     1
       Scroll            |       |     2 |       ||     2
Armor: Scale mail        |    60 |    89 |    86 ||   235
Dodge: Dodged            |    37 |    47 |    51 ||   135
Block: Kite shield       |    52 |    95 |    79 ||   226
